 Dungeon Crawl Stone Soup version 0.22-a0-284-g99d1f74 (webtiles) character file.

9217 Amnesiac the Thaumaturge (level 11, -6/68 HPs)
             Began as a Tengu Air Elementalist on Mar 22, 2018.
             Was a Follower of Ashenzari.
             Mangled by a yak (10 damage)
             ... on level 8 of the Dungeon.
             The game lasted 00:20:05 (11739 turns).

Amnesiac the Thaumaturge (Tengu Air Elementalist)  Turns: 11739, Time: 00:20:05

Health: -6/68      AC:  3    Str:  8    XL:     11   Next: 43%
Magic:  44/44      EV: 18    Int: 18    God:    Ashenzari [*.....]
Gold:   553        SH:  0    Dex: 16    Spells: 19/31 levels left

rFire    + . .     SeeInvis .   E - +1 scimitar (flame)
rCold    + . .     Gourm    .   (no shield)
rNeg     . . .     Faith    .   a - +0 robe
rPois    .         Spirit   .   e - +0 hat
rElec    .         Reflect  .   v - scarf {rC+ rF+}
rCorr    .         Harm     .   r - +0 pair of gloves
MR       .....                  (boots unavailable)
Stlth    ++........             (no amulet)
HPRegen  0.21/turn              g - ring of magical power (curse)
MPRegen  0.29/turn              n - ring of magical power (curse)

@: no status effects
A: beak, talons 3, able to fly 1
a: Fly, Curse Item, Scrying, Renounce Religion


You were on level 8 of the Dungeon.
You worshipped Ashenzari.
Ashenzari was aware of your devotion.
You were not hungry.

You visited 3 branches of the dungeon, and saw 11 of its levels.

You collected 553 gold pieces.

Inventory:

Hand Weapons
 E - a +1 scimitar of flaming (weapon)
Missiles
 o - 45 poisoned needles
 H - a throwing net (quivered)
Armour
 a - a +0 robe (worn)
 e - a +0 hat (worn)
 r - a +0 pair of gloves (worn)
 v - a scarf of resistance (worn)
 M - a +1 cloak
Magical Staves
 x - an uncursed staff of fire
Jewellery
 g - a cursed ring of magical power (left hand)
 n - a cursed ring of magical power (right hand)
 B - a +4 ring of evasion
 D - an uncursed ring of protection from fire
Wands
 F - a wand of disintegration (16)
 J - a wand of polymorph (9)
 N - a wand of digging (15)
Scrolls
 f - 3 scrolls of enchant weapon {!r}
 l - 4 scrolls of teleportation {!r}
 s - 2 scrolls of fear {!r}
 t - 2 scrolls of random uselessness {!r, unknown}
 u - 2 scrolls of magic mapping {!r, unknown}
 w - a scroll of immolation {!r, unknown}
 y - 6 scrolls of identify {!r}
 A - a scroll of amnesia {!r, unknown}
 G - a scroll of blinking {!r, unknown}
 I - a scroll of fog {!r, unknown}
 K - 2 scrolls of remove curse {!r}
Potions
 b - 3 potions of agility {!q}
 d - a potion of brilliance {!q, unknown}
 h - a potion of berserk rage {!q, unknown}
 i - 5 potions of curing {!q, unknown}
 j - 2 potions of flight {!q}
 k - a potion of resistance {!q, unknown}
 m - 2 potions of haste {!q}
 p - 2 potions of heal wounds {!q}
 z - a potion of might {!q, unknown}
 C - 2 potions of degeneration {!q, unknown}
Comestibles
 c - 10 rations


   Skills:
 - Level 8.0 Fighting
 - Level 8.5 Dodging
 - Level 2.0 Stealth
 * Level 10.6 Spellcasting
 - Level 1.3 Conjurations
 + Level 10.6 Air Magic


You had 19 spell levels left.
You knew the following spells:

 Your Spells              Type           Power        Failure   Level  Hunger
a - Airstrike             Air            #####.....   1%          4    ##.....
b - Shock                 Conj/Air       ####         1%          1    None
c - Lightning Bolt        Conj/Air       ####......   17%         5    #####..
d - Swiftness             Chrm/Air       ####....     1%          2    None


Dungeon Overview and Level Annotations

Branches:
Dungeon (9/15)             Temple (1/1) D:7            Lair (1/6) D:8
    Orc: D:9-12

Altars:
Ashenzari
Cheibriados
Dithmenos
Elyvilon
Gozag
Hepliaklqana
Kikubaaqudgha
Makhleb
Nemelex Xobeh
Okawaru
Qazlal
Ru
Sif Muna
Trog
Uskayaw
Vehumet
Wu Jian
Xom
Yredelemnul
Zin


Innate Abilities, Weirdness & Mutations

You have a beak for a mouth.
You have claws for feet.
You can fly.


Message History

The air twists around and strikes the yak!
The yak is severely wounded.
You are feeling very hungry.
The yak misses you.
You riposte.
You hit the yak. You burn the yak.
The yak is severely wounded.
You climb upwards.
Welcome back to the Dungeon!
There is a staircase to the Lair here.
Casting: Airstrike (safe; 1% risk of failure)
Confirm with . or Enter, or press ? or * to list all spells.
Aiming: Airstrike (safe; 1% risk of failure)
Press: ? - help, Dir - move target cursor, f - yak
Aim: a yak (severely wounded)
The air twists around and strikes the yak!
The yak is almost dead.
The yak misses you.
Casting: Airstrike (safe; 1% risk of failure)
Confirm with . or Enter, or press ? or * to list all spells.
Aiming: Airstrike (safe; 1% risk of failure)
Press: ? - help, Dir - move target cursor, f/p - yak
Aim: a yak (almost dead)
The air twists around and strikes the yak!
You kill the yak!
Things that are here:
10 arrows; an uncursed shortbow Eating one of 3 chunks of flesh.
You eat one of the 3 chunks of flesh.
This raw flesh tastes terrible.
There is a staircase to the Lair here.
You start resting.
You start resting.
You start resting.
You start resting.
Eating one of 2 chunks of flesh.
You eat one of the 2 chunks of flesh.
This raw flesh tastes terrible.
Magic restored.
You start resting.
HP restored.
You start resting.
All of the chunks of flesh in your inventory have rotted away.
Magic restored.
You start resting.
HP restored.
You climb downwards.
Welcome back to the Lair of Beasts!
The crocodile misses you. The yak closely misses you.
The crocodile barely misses you. The yak gores you!
There is a staircase back to the Dungeon here.
The crocodile bites you! The yak closely misses you.
You climb upwards.
Welcome back to the Dungeon!
There is a staircase to the Lair here.
Things that are here:
26 arrows; an uncursed shortbow The yak gores you!
* * * LOW HITPOINT WARNING * * *
You hit the plant but do no damage. The crocodile bites you!
* * * LOW HITPOINT WARNING * * *
The yak completely misses you.
You hit the plant. You burn the plant.
The plant is lightly damaged.
The crocodile barely misses you.
You riposte.
You hit the crocodile. You burn the crocodile. You claw the crocodile.
You peck the crocodile.
The crocodile is moderately wounded.
The yak gores you!
* * * LOW HITPOINT WARNING * * *
The crocodile closely misses you. The yak gores you!
You die...

####.......#.c#.#.#....#.#######.
#.########O#c#.#.####.......#.
#.........<#.#.#.# #######.#.
############.#...# #.##
#.....c...##### #.# #.#########
######## #.# #.##########
#.....<###.# #.#........#
#......'(o.## #.(..[..##@##
#......##.o.o
###...###.Y.###......##(###
##(...##..t..##...)...(...#
#.....#.......#.......#....
#...)##....P..#.......#.#..
#....#..P.......)..##.#####
#######....#....((....#####.##..#
#...............>......(....##.##
#.###..................####..#..#


You could see a yak and a crocodile.

Vanquished Creatures
  Erica (D:8)
  A two-headed ogre (D:8)
  An obsidian statue (D:8)
  Pikel (D:7)
  Maurice (D:8)
  An ice statue (D:8)
  A spiny frog (Lair:1)
  A komodo dragon (Lair:1)
  The ghost of anet the Magician, an amateur GnWz (D:4)
  Grinder (D:6)
  A hippogriff (Lair:1)
  A spriggan (D:8)
  6 yaks
  Menkaure (D:6)
  2 wargs
  A water moccasin (D:8)
  A porcupine (Lair:1)
  4 orc warriors
  4 slaves (D:7)
  An ice beast (D:6)
  2 sky beasts (D:5)
  A black bear (D:6)
  3 ogres
  3 phantoms
  8 centaurs
  2 bullfrogs
  A scorpion (D:5)
  3 killer bees (D:5)
  3 crimson imps
  A quasit (D:8)
  2 jellies
  A bullfrog skeleton (D:9)
  6 orc priests
  4 hounds
  A centaur skeleton (D:8)
  A gnoll shaman (D:5)
  Jessica (D:3)
  6 orc wizards
  Natasha (thrice) (D:4)
  9 worker ants
  A hound skeleton (D:5)
  6 gnolls
  12 adders
  6 shadow imps
  3 oozes
  2 adder zombies
  4 adder skeletons
  4 worms
  2 dart slugs
  7 leopard geckos
  34 orcs
  9 bats
  10 giant cockroaches
  4 goblins
  7 hobgoblins
  14 jackals
  6 quokkas
  A ball python (D:3)
  8 frilled lizards
  6 kobolds
  A leopard gecko skeleton (D:5)
  A quokka skeleton (D:6)
  8 rats
249 creatures vanquished.

Vanquished Creatures (others)
  A centaur (D:7)
  An adder (D:3)
  2 fungi (Lair:1)
4 creatures vanquished.

Grand Total: 253 creatures vanquished

Notes
Turn   | Place    | Note
-------+----------+-------------------------------------------
     0 | D:1      | Amnesiac the Tengu Air Elementalist began the quest for the Orb.
     0 | D:1      | Reached XP level 1. HP: 10/10 MP: 4/4
    72 | D:1      | Reached XP level 2. HP: 15/15 MP: 0/6
   411 | D:1      | Reached skill level 5 in Air Magic
   415 | D:1      | Reached XP level 3. HP: 19/19 MP: 0/7
   959 | D:2      | Reached XP level 4. HP: 5/24 MP: 4/9
  1125 | D:2      | Learned a level 4 spell: Airstrike
  1923 | D:3      | Gained mutation: You can fly. [Tengu growth]
  1923 | D:3      | Reached XP level 5. HP: 28/28 MP: 10/10
  2090 | D:3      | Found a bloodstained altar of Trog.
  2164 | D:3      | Noticed Jessica
  2166 | D:3      | Killed Jessica
  2376 | D:3      | Found a sacrificial altar of Ru.
  2677 | D:4      | Reached XP level 6. HP: 32/32 MP: 12/12
  3037 | D:4      | Noticed Natasha
  3038 | D:4      | Killed Natasha
  3063 | D:4      | Noticed Natasha
  3064 | D:4      | Killed Natasha
  3262 | D:4      | Reached skill level 1 in Fighting
  3266 | D:4      | Noticed anet's ghost (amateur GnWz)
  3411 | D:4      | Killed anet's ghost
  3411 | D:4      | Reached XP level 7. HP: 24/41 MP: 0/14
  3803 | D:4      | Noticed Natasha
  3805 | D:4      | Killed Natasha
  3868 | D:5      | Entered Level 5 of the Dungeon
  3949 | D:5      | Reached XP level 8. HP: 48/48 MP: 6/15
  4078 | D:5      | Found a glowing silver altar of Zin.
  4300 | D:5      | Reached skill level 5 in Dodging
  4565 | D:5      | Reached skill level 5 in Fighting
  5743 | D:5      | Got an ancient quarterstaff
  5809 | D:6      | Reached XP level 9. HP: 56/56 MP: 16/16
  5958 | D:6      | Noticed Menkaure
  5962 | D:6      | Killed Menkaure
  6259 | D:6      | Noticed Grinder
  6263 | D:6      | Killed Grinder
  6431 | D:6      | Found a shattered altar of Ashenzari.
  6433 | D:6      | Found a stormy altar of Qazlal.
  6435 | D:6      | Found an ancient bone altar of Kikubaaqudgha.
  6435 | D:6      | Found an ornate altar of the Wu Jian Council.
  6435 | D:6      | Found a radiant altar of Vehumet.
  6436 | D:6      | Found an iron altar of Okawaru.
  6437 | D:6      | Found a shadowy altar of Dithmenos.
  6438 | D:6      | Found a hide-covered altar of Uskayaw.
  6441 | D:6      | Found a hazy altar of Hepliaklqana.
  6452 | D:6      | Became a worshipper of Ashenzari the Shackled
  6893 | D:7      | Noticed Pikel
  6937 | D:7      | Killed Pikel
  6937 | D:7      | Reached skill level 5 in Spellcasting
  7765 | D:7      | Reached XP level 10. HP: 64/64 MP: 20/20
  8164 | D:7      | Found a staircase to the Ecumenical Temple.
  8173 | Temple   | Entered the Ecumenical Temple
  8495 | D:8      | Reached * piety under Ashenzari
  8508 | D:8      | Noticed Erica
  8514 | D:8      | Killed Erica
  8616 | D:8      | You fall through a shaft!
  8979 | D:8      | Learned a level 5 spell: Lightning Bolt
  8982 | D:8      | Learned a level 2 spell: Swiftness
  8990 | D:8      | Noticed an ice statue
  9037 | D:8      | Killed an ice statue
  9178 | D:8      | Noticed Maurice
  9184 | D:8      | Killed Maurice
  9473 | D:8      | Noticed an obsidian statue
  9475 | D:8      | Noticed a sixfirhy
  9475 | D:8      | Noticed a smoke demon
  9898 | D:8      | Noticed a rust devil
  9899 | D:8      | Killed an obsidian statue
 10129 | D:8      | Noticed a two-headed ogre
 10729 | D:8      | Found a staircase to the Lair.
 10731 | D:8      | Reached XP level 11. HP: 68/68 MP: 25/25
 11092 | D:8      | Killed a two-headed ogre
 11092 | D:8      | Reached skill level 10 in Spellcasting
 11092 | D:8      | Reached skill level 10 in Air Magic
 11147 | Lair:1   | Entered Level 1 of the Lair of Beasts
 11734 | D:8      | HP: 3/68 [yak (16)]
 11739 | D:8      | Mangled by a yak

Vault maps used:
D:1:      dpeg_arrival_round_b, kennysheep_small_spiral, kennysheep_boxes
D:3:      lightli_temple_of_fire, first_ration, lemuel_statue_altar,
          uniq_jessica
D:4:      uniq_natasha
D:5:      basic_altar, hangedman_decor_peaks_small
D:6:      minitemple, uniq_menkaure, uniq_grinder
D:7:      lemuel_temple_firewalk_b, uniq_pikel
D:8:      minmay_separated_statues, erik_lair_orcish_takeover, the_bakery,
          serial_bayou_pond_c, uniq_erica, uniq_maurice
D:9:      fedhas_altar_fruit_tree, tso_altar, bh_walls_and_bars
Temple:   compressed_dpeg_circular_temple

Skill      XL: |  1  2  3  4  5  6  7  8  9 10 11 |
---------------+----------------------------------+-----
Air Magic      | 5 6 7 8 9 10 | 10.6
Spellcasting   | 3 4 6 9 10 | 10.6
Fighting       | 3 4 6 8 |  8.0
Dodging        | 3 4 7 8 |  8.5
Stealth        | |  2.0
Conjurations   | |  1.3

Action                   |  1- 3 |  4- 6 |  7- 9 | 10-12 || total
-------------------------+-------+-------+-------+-------++-------
Melee: Unarmed           |    17 |       |       |       ||    17
       Kick              |     2 |       |     3 |     7 ||    12
       Peck              |     2 |       |     4 |    12 ||    18
       Staff             |       |     1 |    17 |       ||    18
       Scimitar          |       |       |       |    15 ||    15
 Cast: Shock             |    76 |    19 |       |       ||    95
       Airstrike         |       |    73 |   182 |   196 ||   451
Invok: Curse Item        |       |       |     2 |       ||     2
 Abil: Fly               |       |       |       |     1 ||     1
  Use: Scroll            |       |     7 |       |       ||     7
       Potion            |       |     2 |       |       ||     2
  Eat: Chunk             |     1 |    21 |    24 |    28 ||    74
       Ration            |       |       |     7 |     1 ||     8
Armor: Robe              |     7 |     9 |     9 |     5 ||    30
Dodge: Dodged            |    30 |    34 |    62 |    83 ||   209
       Rpst.: Scimitar   |       |       |       |    29 ||    29

Table legend:
 A = Spawn XP
 B = Non-spawn XP
 C = Spawn XP percentage of total XP
 D = Spawn monster count
 E = Non-spawn monster count
 F = Spawn count percentage of total count
 G = Total turns spent on level
                    A         B        C        D         E        F      G
               +---------+---------+-------+---------+---------+-------+---------
         Total |       0 |   13168 |   0.0 |       0 |     247 |   0.0 | 11739
               +---------+---------+-------+---------+---------+-------+---------
           D:1 |       0 |      53 |   0.0 |       0 |      29 |   0.0 |   840
           D:2 |       0 |      59 |   0.0 |       0 |      22 |   0.0 |   793
           D:3 |       0 |     136 |   0.0 |       0 |      26 |   0.0 |   866
           D:4 |       0 |     748 |   0.0 |       0 |      29 |   0.0 |  1670
           D:5 |       0 |    1402 |   0.0 |       0 |      40 |   0.0 |  1841
           D:6 |       0 |    1320 |   0.0 |       0 |      21 |   0.0 |  1063
           D:7 |       0 |    1294 |   0.0 |       0 |      25 |   0.0 |  2109
           D:8 |       0 |    5443 |   0.0 |       0 |      37 |   0.0 |  1701
           D:9 |       0 |     478 |   0.0 |       0 |       8 |   0.0 |   337
        Lair:1 |       0 |    2235 |   0.0 |       0 |      10 |   0.0 |   407
               +---------+---------+-------+---------+---------+-------+---------
